 Dungeon Crawl Stone Soup version 0.21-a0-552-g593960d (webtiles) character file.

5146 polly the Basher (level 10, 0/79 HPs)
             Began as a Demonspawn Berserker on Dec 18, 2017.
             Was an Elder of Trog.
             Slain by a death yak (19 damage)
             ... on level 9 of the Dungeon.
             The game lasted 00:12:52 (7397 turns).

polly the Basher (Demonspawn Berserker)             Turns: 7397, Time: 00:12:53

Health: 0/79       AC: 17    Str: 19      XL:     10   Next: 33%
Magic:  10/10      EV:  8    Int:  6 (8)  God:    Trog [****..]
Gold:   420        SH: 10    Dex: 19      Spells: 9/9 levels left

rFire    + . .     SeeInvis .   o - +1 whip (vamp)
rCold    . . .     Gourm    .   l - +0 shield
rNeg     . . .     Faith    .   k - +0 chain mail
rPois    +         Spirit   .   (helmet restricted)
rElec    .         Reflect  .   u - +0 cloak
rCorr    .         Harm     .   w - +0 pair of gloves
MR       .....                  g - +1 pair of boots
Stlth    ..........             r - amulet of regeneration
HPRegen  0.63/turn              A - ring of poison resistance
MPRegen  0.12/turn              F - +4 ring of dexterity

@: no status effects
A: horns 2, iridescent scales 1, demonic guardian 1, deterioration 1, fire
resistance 1, mutation resistance 1, flame cloud immunity
a: Berserk, Trog's Hand, Brothers in Arms, Burn Spellbooks, Renounce Religion


You were on level 9 of the Dungeon.
You worshipped Trog.
Trog was greatly pleased with you.
You were near starving.

You visited 1 branch of the dungeon, and saw 10 of its levels.

You collected 420 gold pieces.

Inventory:

Hand Weapons
 o - a +1 vampiric whip (weapon)
Armour
 g - a +1 pair of boots (worn)
 k - a +0 chain mail (worn)
 l - a +0 shield (worn)
 u - a +0 cloak (worn)
 w - a +0 pair of gloves (worn)
Jewellery
 r - an amulet of regeneration (around neck)
 A - a ring of poison resistance (left hand)
 C - an uncursed ring of protection from cold
 F - a +4 ring of dexterity (right hand)
Wands
 m - a wand of digging (7)
Scrolls
 a - a scroll of blinking {unknown}
 d - 2 scrolls of teleportation {unknown}
 f - a scroll of vulnerability {unknown}
 i - a scroll of magic mapping
 j - 3 scrolls of enchant armour
 n - a scroll of random uselessness {unknown}
 s - a scroll of amnesia {unknown}
 t - 2 scrolls of remove curse
 y - 2 scrolls of torment {unknown}
 B - a scroll of holy word {unknown}
 D - a scroll of fear {unknown}
 E - a scroll of identify
 G - 2 scrolls of immolation {unknown}
Potions
 b - 2 potions of curing
 e - 2 potions of haste
 h - 3 potions of flight
 q - a potion of agility {unknown}
 v - a potion of brilliance {unknown}
 z - a potion of mutation
Books
 H - a book of Necromancy

   Spells                             Type                      Level
   a - Pain                           Necromancy                   1
   b - Animate Skeleton               Necromancy                   1
   c - Vampiric Draining              Necromancy                   3
   d - Regeneration                   Charms/Necromancy            3
   e - Animate Dead                   Necromancy                   4
   f - Control Undead                 Necromancy                   4
   Trog disapproves of the use of such an item.
Miscellaneous
 I - a lamp of fire (inert)
Comestibles
 c - 2 bread rations
 p - 5 meat rations
 x - 13 royal jellies


   Skills:
 + Level 7.3 Fighting
 + Level 9.4 Maces & Flails
 + Level 7.0 Armour
 + Level 4.3 Dodging
 + Level 1.3 Stealth
 + Level 3.4 Shields


You had 9 spell levels left.
You didn't know any spells.

Dungeon Overview and Level Annotations

Branches:
Dungeon (10/15)            Temple (0/1) D:5            Lair (0/6) D:10
    Orc: D:9-12

Altars:
Nemelex Xobeh
Sif Muna
Zin

Shops:
D:10 (*


Innate Abilities, Weirdness & Mutations

You have a pair of horns on your head.
You are partially covered in iridescent scales. (AC +2)
A weak demonic guardian rushes to your aid.
Your flesh is heat resistant. (rF+)
You are immune to clouds of flame.
Your body sometimes deteriorates upon taking damage.
You are somewhat resistant to further mutation.


Message History

The hell rat closely misses your quasit.
Unknown command.
Your quasit barely misses the hell rat. x2
Your quasit completely misses the hell rat.
Your quasit misses the hell rat.
Your quasit closely misses the hell rat.
Your quasit claws the hell rat but does no damage.
Okay, then.
You feel better.
You recover from your berserk rage.
You block the death yak's attack.
Your quasit bites the hell rat.
Your quasit misses the hell rat.
Your quasit barely misses the hell rat.
Aim the lamp in which direction?
Press: ? - help, Dir - move target cursor, f - death yak
Aim: a death yak (heavily wounded)
The flames dance!
The hell rat bites your quasit.
Your quasit closely misses the hell rat.
Your quasit claws the hell rat but does no damage. x2
The death yak gores you!!
You die...

########
#############
.......#
#.....@.....#
#####..#
#....§Y5....#
# #..#
#...§.r.....#
# #..#
#....§5.....#
# #..#
#....§......#
# #..#
#....§......#
# #..#
#.....§.....#
# #..#
#.....§.....#
# #..#
#...........#


You could see a death yak, a hell rat and 2 friendly quasits.

Vanquished Creatures
  A death yak (D:10)
  A two-headed ogre (D:9)
  2 hippogriffs (D:9)
  A hungry ghost (D:9)
  Menkaure (D:6)
  2 soldier ants (D:8)
  Duvessa (D:6)
  A slave (D:7)
  A necrophage (D:8)
  An ice beast (D:6)
  A sky beast (D:7)
  An ogre (D:4)
  4 bullfrogs
  Blork the orc (D:5)
  A wyvern zombie (D:9)
  Dowan (D:6)
  A scorpion (D:4)
  2 killer bees (D:7)
  3 wights (D:9)
  3 crimson imps
  A quasit (D:9)
  A hound (D:8)
  An orc priest (D:5)
  2 centaur skeletons
  3 orc wizards
  2 iguanas
  4 worker ants
  A killer bee zombie (D:5)
  2 worker ant zombies (D:9)
  8 gnolls
  A howler monkey skeleton (D:5)
  6 adders
  An adder zombie (D:9)
  2 worms
  3 dart slugs
  2 leopard geckos (D:4)
  21 orcs
  9 bats
  5 giant cockroaches
  10 goblins
  3 hobgoblins
  9 jackals
  2 kobolds
  4 quokkas
  A ball python (D:8)
  A frilled lizard (D:1)
135 creatures vanquished.

Vanquished Creatures (collateral kills)
  A two-headed ogre (D:8)
  Pikel (D:7)
  A hippogriff (D:8)
  A phantom (D:4)
  A slave (D:7)
  An ogre (D:5)
  A killer bee (D:7)
  A wight (D:9)
  A crimson imp (D:4)
  An orc priest (D:8)
  4 gnolls
  A shadow imp (D:5)
  A worm (D:5)
  2 orcs
  A quokka (D:4)
19 creatures vanquished.

Grand Total: 154 creatures vanquished

Notes
Turn   | Place    | Note
-------+----------+-------------------------------------------
     0 | D:1      | polly the Demonspawn Berserker began the quest for the Orb.
     0 | D:1      | Reached XP level 1. HP: 18/18 MP: 1/1
   142 | D:1      | Gained mutation: Your flesh is heat resistant. (rF+) [demonic ancestry]
   142 | D:1      | Reached XP level 2. HP: 24/24 MP: 2/2
   240 | D:1      | Reached skill level 3 in Maces & Flails
   854 | D:2      | Gained mutation: You are partially covered in iridescent scales. (AC +2) [demonic ancestry]
   854 | D:2      | Reached XP level 3. HP: 24/29 MP: 3/3
  1015 | D:2      | Reached ** piety under Trog
  1881 | D:3      | Reached XP level 4. HP: 35/37 MP: 4/4
  2259 | D:4      | Reached skill level 4 in Maces & Flails
  2274 | D:4      | Gained mutation: A weak demonic guardian rushes to your aid. [demonic ancestry]
  2274 | D:4      | Reached XP level 5. HP: 39/42 MP: 5/5
  2447 | D:4      | Noticed a phantom
  2493 | D:4      | Noticed an ogre
  2498 | D:4      | Killed a phantom
  2504 | D:4      | Killed an ogre
  2504 | D:4      | Gained mutation: You have a pair of small horns on your head. [demonic ancestry]
  2504 | D:4      | Reached XP level 6. HP: 15/48 MP: 6/6
  2816 | D:4      | Reached skill level 5 in Maces & Flails
  3204 | D:5      | Entered Level 5 of the Dungeon
  3252 | D:5      | Gained mutation: You are immune to clouds of flame. [demonic ancestry]
  3252 | D:5      | Reached XP level 7. HP: 30/55 MP: 7/7
  3353 | D:5      | Noticed Blork the orc
  3365 | D:5      | Killed Blork the orc
  3465 | D:5      | Reached *** piety under Trog
  3465 | D:5      | Reached skill level 6 in Maces & Flails
  3853 | D:5      | Found a staircase to the Ecumenical Temple.
  3943 | D:5      | Found a glowing silver altar of Zin.
  4053 | D:6      | Noticed Menkaure
  4063 | D:6      | Killed Menkaure
  4218 | D:6      | Reached XP level 8. HP: 61/61 MP: 8/8
  4245 | D:6      | Noticed Duvessa
  4247 | D:6      | Noticed Dowan
  4264 | D:6      | Killed Duvessa
  4264 | D:6      | Reached skill level 5 in Fighting
  4275 | D:6      | Killed Dowan
  4275 | D:6      | Reached skill level 7 in Maces & Flails
  4546 | D:6      | Found a deep blue altar of Sif Muna.
  4934 | D:7      | Gained mutation: You are clumsy. (Dex -2) [mutagenic meat]
  4935 | D:7      | Gained mutation: Scrolls take you a little longer to read. [mutagenic meat]
  4936 | D:7      | Lost mutation: You are clumsy. (Dex -2) [potion of mutation]
  4936 | D:7      | Lost mutation: Scrolls take you a little longer to read. [potion of mutation]
  4936 | D:7      | Gained mutation: You have a pair of horns on your head. [potion of mutation]
  4936 | D:7      | Gained mutation: Your body sometimes deteriorates upon taking damage. [potion of mutation]
  4936 | D:7      | Gained mutation: You are somewhat resistant to further mutation. [potion of mutation]
  4968 | D:7      | Noticed Pikel
  5056 | D:7      | Killed Pikel
  5056 | D:7      | Reached skill level 5 in Armour
  5834 | D:8      | Noticed a hippogriff
  5851 | D:8      | Reached XP level 9. HP: 43/69 MP: 9/9
  5855 | D:8      | Reached skill level 8 in Maces & Flails
  5921 | D:8      | Reached **** piety under Trog
  5949 | D:8      | Noticed a two-headed ogre
  5964 | D:8      | Killed a two-headed ogre
  5964 | D:8      | Reached skill level 1 in Stealth
  5964 | D:8      | Reached skill level 1 in Shields
  6588 | D:9      | Reached skill level 9 in Maces & Flails
  6650 | D:9      | Noticed a two-headed ogre
  6661 | D:9      | Killed a two-headed ogre
  6661 | D:9      | Reached XP level 10. HP: 70/79 MP: 10/10
  6827 | D:9      | Found a sparkling altar of Nemelex Xobeh.
  7276 | D:10     | Entered Level 10 of the Dungeon
  7285 | D:10     | Found Ucso's Weapon Shoppe.
  7296 | D:10     | Found Ziodiminn's Assorted Antiques.
  7318 | D:10     | Noticed a death yak
  7320 | D:10     | Found a staircase to the Lair.
  7320 | D:10     | Noticed a death yak
  7321 | D:10     | Noticed a death yak
  7354 | D:10     | Killed a death yak
  7367 | D:10     | HP: 3/79 [death yak (12)]
  7397 | D:9      | Slain by a death yak

Vault maps used:
D:1:      mrwooster_arrival_arrow
D:5:      kennysheep_mini_moat, minmay_temple_entry_enclosed_plants,
          serial_glass, glass_columns_c, glass_columns_b, feat_on_display,
          item_on_display_a, first_bread, uniq_blork_the_orc
D:6:      led_sif_pool, uniq_menkaure, uniq_duvessa
D:7:      uniq_pikel
D:8:      hangedman_pestilent_swarm
D:9:      nemelex_diamond_rough_becter
D:10:     dpeg_lair_monsters, serial_shops, kennysheep_mini,
          nicolae_shop_overgrown_old_shop, nicolae_shop_overgrown_old_shop,
          nicolae_shop_behind_doors, uniq_sonja

Skill      XL: |  1  2  3  4  5  6  7  8  9 10 |
---------------+-------------------------------+-----
Maces & Flails | 3 4 5 6 7 9 |  9.4
Armour         | 2 3 4 5 6 7 |  7.0
Dodging        | 2 3 4 |  4.3
Fighting       | 4 5 7 |  7.3
Stealth        | 1 |  1.3
Shields        | 2 3 |  3.4

Action                   |  1- 3 |  4- 6 |  7- 9 | 10-12 || total
-------------------------+-------+-------+-------+-------++-------
Melee: Mace              |   141 |    28 |       |       ||   169
       Whip              |       |   109 |   424 |    97 ||   630
       Headbutt          |       |    15 |   100 |    38 ||   153
Invok: Berserk           |       |     3 |     1 |     1 ||     5
       Burn Spellbooks   |       |       |     1 |       ||     1
Evoke: Lamp of fire      |       |       |       |     1 ||     1
  Use: Scroll            |       |       |    11 |       ||    11
       Potion            |       |       |     1 |     2 ||     3
 Stab: Sleeping          |     1 |       |       |       ||     1
       Distracted        |       |       |     1 |       ||     1
  Eat: Chunk             |     3 |     2 |    10 |     2 ||    17
       Fruit             |       |     2 |       |       ||     2
       Bread ration      |       |     2 |       |       ||     2
       Royal jelly       |       |       |     2 |       ||     2
Armor: Animal skin       |    10 |       |       |       ||    10
       Ring mail         |    37 |       |       |       ||    37
       Chain mail        |    49 |    52 |   230 |    53 ||   384
Dodge: Dodged            |   136 |    43 |   152 |    29 ||   360
Block: Shield            |       |       |    59 |    40 ||    99

Table legend:
 A = Spawn XP
 B = Non-spawn XP
 C = Spawn XP percentage of total XP
 D = Spawn monster count
 E = Non-spawn monster count
 F = Spawn count percentage of total count
 G = Total turns spent on level
                    A         B        C        D         E        F      G
               +---------+---------+-------+---------+---------+-------+---------
         Total |       0 |    7352 |   0.0 |       0 |     152 |   0.0 |  7397
               +---------+---------+-------+---------+---------+-------+---------
           D:1 |       0 |      37 |   0.0 |       0 |      18 |   0.0 |   826
           D:2 |       0 |      39 |   0.0 |       0 |      17 |   0.0 |   690
           D:3 |       0 |      22 |   0.0 |       0 |       9 |   0.0 |   514
           D:4 |       0 |     482 |   0.0 |       0 |      19 |   0.0 |  1174
           D:5 |       0 |     477 |   0.0 |       0 |      29 |   0.0 |   792
           D:6 |       0 |     622 |   0.0 |       0 |       6 |   0.0 |   661
           D:7 |       0 |    1045 |   0.0 |       0 |      13 |   0.0 |   980
           D:8 |       0 |    1720 |   0.0 |       0 |      21 |   0.0 |   909
           D:9 |       0 |    1910 |   0.0 |       0 |      17 |   0.0 |   753
          D:10 |       0 |     998 |   0.0 |       0 |       3 |   0.0 |    98
               +---------+---------+-------+---------+---------+-------+---------
